 Dungeon Crawl Stone Soup version 0.21.1-1-g345015f (webtiles) character file.

105 inc the Ducker (level 4, -12/35 HPs)
             Began as a Demonspawn Monk on June 9, 2018.
             Was a Believer of Wu Jian.
             Killed by divine providence
             ... invoked by an orc priest
              (14 damage)
             ... on level 3 of the Dungeon.
             The game lasted 00:05:11 (1615 turns).

inc the Ducker (Demonspawn Monk)                    Turns: 1615, Time: 00:05:12

Health: -12/35     AC: 10    Str: 12    XL:     4   Next: 53%
Magic:  4/4        EV: 10    Int: 12    God:    Wu Jian [**....]
Gold:   31         SH:  0    Dex: 15    Spells: 3/3 levels left

rFire    . . .     SeeInvis .   a - +0 mace
rCold    . . .     Gourm    .   (no shield)
rNeg     + . .     Faith    .   d - +0 pearl dragon scales
rPois    .         Spirit   .   (no helmet)
rElec    .         Reflect  .   (no cloak)
rCorr    .         Harm     .   (no gloves)
MR       .....                  (no boots)
Stlth    +.........             (no amulet)
HPRegen  0.11/turn              (no ring)
MPRegen  0.09/turn              (no ring)

@: no status effects
A: claws 1, nightstalker 1
a: Wall Jump, Renounce Religion


You were on level 3 of the Dungeon.
You worshipped Wu Jian.
Wu Jian was pleased with you.
You were hungry.

You visited 1 branch of the dungeon, and saw 3 of its levels.

You collected 31 gold pieces.

Inventory:

Hand Weapons
 a - a +0 mace (weapon)
 g - a +0 dagger
Armour
 b - a +0 robe
 d - +0 pearl dragon scales (worn)
Potions
 e - a potion of resistance
 f - a potion of magic
 h - a potion of flight {unknown}
 j - a potion of might
Comestibles
 c - 2 rations


   Skills:
 - Level 3.0 Fighting
 - Level 1.7 Short Blades
 - Level 2.6 Maces & Flails
 - Level 4.3 Dodging
 - Level 1.7 Stealth
 + Level 0.4 Unarmed Combat


You had 3 spell levels left.
You didn't know any spells.

Dungeon Overview and Level Annotations

Branches:
Dungeon (3/15)

Altars:
Cheibriados
Wu Jian

Annotations:
D:2 Sigmund


Innate Abilities, Weirdness & Mutations

You have sharp fingernails.
You are slightly more attuned to the shadows.


Message History

Unknown command.
Unknown command.
The orc throws a tomahawk.
The tomahawk closely misses you.
The orc throws a tomahawk.
The tomahawk closely misses you.
You see here 2 tomahawks.
You see here 13 stones.
The orc throws a tomahawk.
The tomahawk hits you but does no damage.
You see here a tomahawk.
The orc throws a tomahawk.
The tomahawk barely misses you.
You see here a tomahawk.
You see here a bat corpse.
The orc priest calls down the wrath of Beogh upon you.
Beogh smites you!
* * * LOW HITPOINT WARNING * * *
Okay, then.
Okay, then.
The orc priest mumbles some strange prayers to Beogh against you.
Beogh smites you!
You die...

#......# ##.#.#.......#
#.####.## #.........._.#
#.###...###..#.(.......#
###.##.....##..#.†.o....##
#..............(......###
#.#.##.....##.#.#..##.#
#.#.##........#.o.....####
#.#..#.#......†..###......
#.##(#.#........@# #.....
#.##.#.#.........###....l
#......#.....#........#.#
####.#########.##.##.# .#
#.# #.##....# .# ####.####
#.##.##.# .# #.......#
#.††....##.#
#.##.##.#########.....<.#
#.##.#...............####


You could see an orc priest and an orc.

Vanquished Creatures
  A gnoll (D:2)
  3 adders
  3 dart slugs (D:1)
  A leopard gecko (D:2)
  3 orcs
  2 giant cockroaches
  8 hobgoblins (D:1)
  6 jackals
  11 bats
  A frilled lizard (D:1)
  5 goblins (D:1)
  5 kobolds
  9 rats
58 creatures vanquished.

Notes
Turn   | Place    | Note
-------+----------+-------------------------------------------
     0 | D:1      | inc the Demonspawn Monk began the quest for the Orb.
     0 | D:1      | Reached XP level 1. HP: 18/18 MP: 1/1
   142 | D:1      | Reached skill level 3 in Dodging
   193 | D:1      | Gained mutation: You have sharp fingernails. [demonic ancestry]
   193 | D:1      | Reached XP level 2. HP: 20/24 MP: 2/2
   355 | D:1      | Gained mutation: You are slightly more attuned to the shadows. [demonic ancestry]
   355 | D:1      | Reached XP level 3. HP: 27/29 MP: 3/3
   431 | D:1      | Reached skill level 4 in Dodging
   898 | D:2      | Noticed Sigmund
  1208 | D:2      | Found an ornate altar of the Wu Jian Council.
  1221 | D:2      | Became a worshipper of the Wu Jian Council
  1221 | D:2      | Reached * piety under Wu Jian
  1221 | D:2      | Reached ** piety under Wu Jian
  1350 | D:2      | Reached XP level 4. HP: 25/35 MP: 4/4
  1477 | D:3      | Reached skill level 1 in Short Blades
  1509 | D:3      | Found a snail-covered altar of Cheibriados.
  1615 | D:3      | Killed from afar by an orc priest

Skill      XL: |  1  2  3  4 |
---------------+-------------+-----
Dodging        | 3 4 |  4.3
Short Blades   | 1 |  1.7
Fighting       | |  3.0
Maces & Flails | |  2.6
Stealth        | |  1.7
Unarmed Combat | |  0.4

Action                   |  1- 3 |  4- 6 || total
-------------------------+-------+-------++-------
Melee: Mace              |   135 |    65 ||   200
       Dagger            |    20 |       ||    20
       Unarmed           |     5 |       ||     5
Invok: Lunge             |     2 |     3 ||     5
       Whirlwind         |     1 |     1 ||     2
       Wall Jump         |     1 |     1 ||     2
  Use: Scroll            |     3 |       ||     3
       Potion            |     2 |       ||     2
 Stab: Sleeping          |     1 |       ||     1
  Eat: Chunk             |     2 |       ||     2
Armor: Pearl dragon scal |    88 |    44 ||   132
       Robe              |     4 |       ||     4
Dodge: Dodged            |   119 |    58 ||   177
